 Dungeon Crawl Stone Soup version 0.29.1-2-gbd0b4ee654 (webtiles) character file.

Game seed: 10330703763590254392

63 writerjack the Chopper (level 3, -7/29 HPs)
             Began as a Demonspawn Berserker on Oct 27, 2022.
             Was a Follower of Trog.
             Splashed by a jelly's acid (9 damage)
             ... on level 2 of the Dungeon.
             The game lasted 00:02:13 (938 turns).

writerjack the Chopper (Demonspawn Berserker)        Turns: 938, Time: 00:02:14

Health: -7/29      AC: -3    Str: 19    XL:     3   Next: 87%
Magic:  3/3        EV: 12    Int:  8    God:    Trog [*.....]
Gold:   48         SH:  0    Dex: 12    Spells: 2/2 levels left

rFire   . . .      SeeInvis +   a - +0 hand axe
rCold   . . .      Faith    .   (no shield)
rNeg    . . .      Spirit   .   b - +0 animal skin
rPois   .          Reflect  .   (no helmet)
rElec   .          Harm     .   (no cloak)
rCorr   .          Rampage  .   (no gloves)
Will    .....                   (no boots)
Stlth   +.........              (no amulet)
HPRegen 0.09/turn               j - ring of see invisible
MPRegen 0.08/turn               (no ring)

@: corroded
A: slimy green scales 1
a: Renounce Religion, Berserk


You were on level 2 of the Dungeon.
You worshipped Trog.
Trog was aware of your devotion.
You visited 1 branch of the dungeon, and saw 3 of its levels.

You collected 48 gold pieces.

Inventory:

Hand Weapons
 a - a +0 hand axe (weapon)
Armour
 b - a +0 animal skin (worn)
Jewellery
 g - a ring of protection from cold
 j - a ring of see invisible (left hand)
Scrolls
 d - a scroll of summoning {unknown}
 f - 2 scrolls of identify {unknown}
 h - a scroll of teleportation {unknown}
Potions
 c - a potion of brilliance {unknown}
 e - a potion of heal wounds {unknown}
 i - a potion of curing {unknown}


   Skills:
 - Level 3.3 Fighting
 * Level 3.6 Axes
 - Level 2.2 Armour
 - Level 2.2 Dodging


You had 2 spell levels left.
You didn't know any spells.
Your spell library was empty.

Dungeon Overview and Level Annotations

Branches:
Dungeon (3/15)

Altars:
Kikubaaqudgha


Innate Abilities, Weirdness & Mutations

You are partially covered in slimy green scales. (AC +2)


Message History

The bat closely misses you.
Natasha stares at you and mumbles some strange words.
You resist with significant effort. Natasha claws you.
You hit Natasha.
You kill Natasha!
Trog accepts your kill.
Trog appreciates your killing of a magic user.
Natasha growls in agony!
The bat hits you. The bat hits you.
You hit the bat.
You kill the bat!
Trog accepts your kill.
No target in view!
j - a ring of see invisible
j - a ring of see invisible (left hand) HP restored.
A jelly comes into view.
The jelly quivers.
There is a stone staircase leading down here.
You climb downwards.
Found a scroll labelled USKAVE VUCIWUS.
There is a stone staircase leading up here.
The bat hits you but does no damage.
You climb upwards.
There is a stone staircase leading down here.
You hit the jelly. The acid corrodes you!
Your hands burn!
The jelly is lightly wounded.
The jelly hits you. The acid corrodes you!
You are splashed with acid!
You slash the jelly!
Your hands burn!
The jelly is heavily wounded.
The jelly hits you.
You are splashed with acid!
* * * LOW HITPOINT WARNING * * *
You hit the jelly.
Your hands burn!
* * * LOW HITPOINT WARNING * * *
The jelly is severely wounded.
The jelly hits you.
* * * LOW HITPOINT WARNING * * *
You are splashed with acid!
You die...

#. #...##..#..#................
..##.........##..........####..
#......###.####.......#...###..
##..... ##.####.......###..##..
...#...##.............# ##.##..
###....J...####.......# #...##
..........## ####...######..#
.##........#########........###
#.....†.....J@>.# ####........
.............###.######........
##........_....................
#..#####.......................
#.# #............<.......... ##
######............<.....
###################


You could see a jelly.

Vanquished Creatures
  Natasha (D:2)
  2 dart slugs
  A ball python (D:2)
  An endoplasm (D:1)
  2 giant cockroaches
  3 goblins
  5 hobgoblins
  4 jackals
  4 kobolds (D:1)
  5 bats
28 creatures vanquished.

Notes
Turn   | Place    | Note
-------+----------+-------------------------------------------
     0 | D:1      | writerjack the Demonspawn Berserker began the quest for the
                  | Orb.
     0 | D:1      | Reached XP level 1. HP: 18/18 MP: 1/1
   382 | D:1      | Gained mutation: You are partially covered in slimy green
                  | scales. (AC +2) [demonic ancestry]
   382 | D:1      | Reached XP level 2. HP: 24/24 MP: 2/2
   592 | D:2      | Reached XP level 3. HP: 19/29 MP: 3/3
   849 | D:2      | Found an ancient bone altar of Kikubaaqudgha.
   852 | D:2      | Noticed Natasha
   860 | D:2      | Killed Natasha
   938 | D:2      | Splashed by a jelly's acid

Illustrated notes

Levels and vault maps discovered:
D:1:      dpeg_arrival_brainrot, layout_basic, chequers_serial_rivers_room_a
D:2:      layout_rooms, hellmonk_ecumenical_altar_inner_sanctum, basic_altar,
          uniq_natasha
D:3:      layout_basic, grunt_decor_junction

Skill      XL: |  1  2 |
---------------+-------+-----
Armour         | 2 |  2.2
Dodging        | 2 |  2.2
Axes           | 3 |  3.6
Fighting       | |  3.3

Action                   || total
-------------------------++-------
Melee: Hand axe          ||    61
Invok: Berserk           ||     1
 Stab: Sleeping          ||     1
Armor: Animal skin       ||    46
Dodge: Dodged            ||    76
